AoeStats
← Bazz

Arabia

509859337Analyzed
1v1 RM · 4d ago on Sep 28, 2026· 47m 35s· 2 players
Game mode
Random Map
Map size
Tiny (2 player)
Population
200
Speed
Normal
Resources
Standard
Victory
Conquest
Starting age
Dark Age
Ending age
Imperial Age
RankedLock teamsTeams togetherTeam positionsShared explorationLock speedFull tech treeHidden civsTurbo modeCheats
Victory
Defeat
🇦🇺 Byzantines · Australia
922
+17
🇹🇼 Khitans · Taiwan
951
-46
Bazz
6:46 Loom
9:57 Feudal Age
14:46 Forging
14:41 Scale Barding Armor
14:30 Horse Collar
22:46 Castle Age
23:01 Fletching
23:12 Padded Archer Armor
23:10 Elite Skirmisher
23:43 Double-Bit Axe
24:29 Bodkin Arrow
24:49 Leather Archer Armor
26:00 Leather Archer Armor
26:41 Wheelbarrow
27:21 Ballistics
27:13 Husbandry
28:24 Light Cavalry
29:58 Iron Casting
31:48 Chain Barding Armor
35:44 Imperial Age
34:27 Hand Cart
34:50 Bow Saw
36:04 Thumb Ring
37:24 Chemistry
36:38 Heavy Plow
38:05 Plate Barding Armor
40:25 Block Printing
41:02 Logistica
41:46 Bracer
42:16 Ring Archer Armor
43:00 Elite Cataphract
45:11 Pikeman
45:59 Squires
45:59 Halberdier
D9019819
3:02 Loom
14:00 Feudal Age
19:02 Castle Age
19:45 Fletching
19:55 Padded Archer Armor
24:11 Double-Bit Axe
24:30 Domestication
26:27 Bow Saw
28:23 Bodkin Arrow
28:43 Leather Archer Armor
30:23 Scale Mail Armor
32:10 Wheelbarrow
33:24 Forging
33:29 Chain Mail Armor
32:56 Light Cavalry
37:07 Town Watch
38:25 Scale Barding Armor
39:46 Town Patrol
40:28 Iron Casting
40:07 Gold Mining
40:35 Murder Holes
41:17 Ballistics
42:23 Chain Mail Armor
44:56 Pastoralism
Connection lost

Rejoining the realm…

Still unreachable

The connection could not be restored.

Session expired

The server has moved on; the page needs a fresh start.